 Dungeon Crawl Stone Soup version 0.31-a0-180-g519b7de00c (webtiles) character file.

Game seed: 9327236278125661931

1211 qw the Cleaver (level 8, -2/49 HPs)
             Began as a Gargoyle Fighter on June 19, 2023.
             Slain by a gnoll bouda
             ... wielding a +0 whip
              (6 damage)
             ... on level 5 of the Dungeon.
             The game lasted 00:02:14 (5159 turns).

qw the Cleaver (Gargoyle Fighter)                   Turns: 5159, Time: 00:02:14

Health: -2/49      AC: 14    Str: 28    XL:     8   Next: 46%
Magic:  8/8        EV:  9    Int:  9    God:
Gold:   145        SH:  4    Dex:  9    Spells: 7/7 levels left

rFire   . . .        Y - +1 war axe
rCold   . . .        c - +0 buckler
rNeg    + . .        o - +0 chain mail
rPois   inf          (no helmet)
rElec   +            (no cloak)
rCorr   .            (no gloves)
SInv    .            (no boots)
Will    +....        (no amulet) Stlth
                     g - +6 ring of strength
HPRegen 0.28/turn    p - ring of willpower
MPRegen 0.11/turn

%: no passive effects
@: no status effects
A: sickness immunity, AC +5, negative energy resistance 1, electricity
resistance, torment resistance 1, petrification resistance
a: no special abilities


You were on level 5 of the Dungeon.
You visited 1 branch of the dungeon, and saw 5 of its levels.
You also visited: Sewer.

You collected 145 gold pieces.


Innate Abilities, Weirdness & Mutations

You are immune to sickness and miasma.
Your stone body is resilient. (AC +5)
You are immune to poison.
You resist negative energy. (rN+)
You are resistant to electric shocks. (rElec)
You are resistant to unholy torment.
You are immune to petrification.


   Skills:
 + Level 5.2 Fighting
 - Level 8.3 Axes
 - Level 1.0 Throwing
 - Level 3.2 Armour
 - Level 1.0 Dodging
 - Level 3.2 Shields


You had 7 spell levels left.
You didn't know any spells.
Your spell library was empty.

Inventory:

Hand Weapons
 e - a +0 mace
 Y - a +1 war axe (weapon)
Missiles
 j - 2 boomerangs (quivered)
Armour
 c - a +0 buckler (worn)
 o - a +0 chain mail (worn)
Jewellery
 g - a +6 ring of strength (left hand)
 p - a ring of willpower (right hand)
Potions
 a - a potion of cancellation
 d - 3 potions of might
 f - 2 potions of attraction
 h - a potion of mutation {unknown}
 k - a potion of ambrosia {unknown}
 l - a potion of heal wounds {unknown}

Dungeon Overview and Level Annotations

Branches:
Dungeon (5/15)              Sewer (visited)
 Temple: D:4-7

Altars:
Nemelex Xobeh
Qazlal


Message History

The gnoll barely misses you.
You slash the gnoll!
You kill the gnoll!
You hit the gnoll bouda. You slash the gnoll!
You kill the gnoll!
The gnoll closely misses you.
The gnoll bouda hits you with a +0 whip.
Your Throwing skill increases to level 1!
You hit the gnoll bouda but do no damage.
The gnoll bouda is lightly wounded.
The gnoll barely misses you.
The gnoll bouda hits you but does no damage.
The gnoll hits you but does no damage.
You slash the gnoll bouda!
The gnoll bouda is heavily wounded.
The gnoll bouda hits you but does no damage.
The gnoll barely misses you.
You hit the gnoll bouda.
The gnoll bouda is severely wounded.
You block the gnoll bouda's attack. The gnoll misses you.
You hit the gnoll bouda.
The gnoll bouda is severely wounded.
The gnoll bouda prays to its god.
The gnoll bouda is healed somewhat.
The gnoll hits you from afar with a +0 halberd.
The gnoll bouda hits you with a +0 whip.
You hit the gnoll bouda.
The gnoll bouda is severely wounded.
The gnoll hits you from afar with a +0 halberd!
The gnoll bouda utters an invocation to its god.
The gnoll bouda is healed somewhat.
You hit the gnoll bouda.
The gnoll bouda is heavily wounded.
You block the gnoll's attack.
The gnoll bouda hits you but does no damage.
You hit the gnoll bouda.
The gnoll bouda is almost dead.
The gnoll hits you but does no damage.
The gnoll bouda hits you with a +0 whip.
You die...

..# #! .#.#
...##. .#.#
......###...#
.......$.#..##
.............
...........#
......g....#
.....g)@..# # .
......))..#.#....
......(.<.%......
..##.............
# #.........###.
#.........#
.....#.#.....
.......##.##...
....#.. .# ....


You could see a gnoll bouda and a gnoll (swift).

Vanquished Creatures
  Pikel (D:4)
  Menkaure (D:4)
  Duvessa (D:4)
  Pargi (Sewer)
  An ogre (D:3)
  A scorpion (D:4)
  Dowan (D:4)
  An iguana (D:4)
  A sleepcap (D:4)
  6 gnolls
  6 adders
  A worm (D:3)
  3 dart slugs
  6 orcs
  9 endoplasms
  6 giant cockroaches
  6 goblins
  11 hobgoblins
  2 jackals (D:4)
  2 quokkas
  11 ball pythons
  10 bats
  6 frilled lizards
  3 kobolds
  3 rats
100 creatures vanquished.

Notes
Turn   | Place    | Note
-------+----------+-------------------------------------------
     0 | D:1      | qw the Gargoyle Fighter began the quest for the Orb.
     0 | D:1      | Reached XP level 1. HP: 14/14 MP: 1/1
     0 | D:1      | 0 ||| qw: Version: 0.3-a-7-ge0c9b40
     0 | D:1      | 0 ||| qw: Game counter: 951
     0 | D:1      | 0 ||| qw: Always use a shield: true
     0 | D:1      | 0 ||| qw: God list: Okawaru
     0 | D:1      | 0 ||| qw: Allow faded altars: false
     0 | D:1      | 0 ||| qw: Do Orc after D:15 true
     0 | D:1      | 0 ||| qw: Do second Lair branch before Depths: true
     0 | D:1      | 0 ||| qw: Lair rune preference: random
     0 | D:1      | 0 ||| qw: Plans: Normal, Zot:1-4, Slime:5, God:TSO, Crypt,
                  | Tomb, Abyss, Pan, Hells, Win
     0 | D:1      | 0 ||| PLANNING D:1-11
    65 | D:1      | Reached skill level 2 in Axes
    67 | D:1      | 67 ||| READING scroll labelled VICUYZ VAHORPH.
   114 | D:1      | 114 ||| DROPPING +0 whip.
   253 | D:1      | Reached XP level 2. HP: 19/19 MP: 2/2
   771 | D:1      | 771 ||| Stepping ~*~*~tactically~*~*~ (stealth).
   786 | D:1      | 786 ||| Stepping ~*~*~tactically~*~*~ (stealth).
   802 | D:1      | Reached skill level 3 in Axes
   908 | D:1      | Reached XP level 3. HP: 22/23 MP: 3/3
  1020 | D:1      | 1020 ||| DRINKING 2 green potions.
  1021 | D:1      | 1021 ||| DROPPING potion of invisibility.
  1294 | D:2      | 1294 ||| Stepping ~*~*~tactically~*~*~ (hiding).
  1306 | D:2      | 1306 ||| Stepping ~*~*~tactically~*~*~ (hiding).
  1425 | D:2      | Reached XP level 4. HP: 28/28 MP: 4/4
  1818 | D:2      | Found a stormy altar of Qazlal.
  2062 | D:2      | 2062 ||| UPGRADING to +6 ring of strength.
  2063 | D:2      | 2063 ||| DRINKING 3 bubbling green potions.
  2112 | D:3      | 2112 ||| STAIRDANCE
  2115 | D:2      | Reached skill level 4 in Axes
  2641 | D:3      | 2641 ||| Stepping ~*~*~tactically~*~*~ (stealth).
  2642 | D:3      | 2642 ||| Stepping ~*~*~tactically~*~*~ (stealth).
  2800 | D:3      | 2800 ||| Stepping ~*~*~tactically~*~*~ (stealth).
  2811 | D:3      | Reached XP level 5. HP: 18/32 MP: 5/5
  2815 | D:3      | HP: 3/32 [orc/+0 hand axe (6)]
  3214 | D:3      | Found a sparkling altar of Nemelex Xobeh.
  3321 | D:3      | Noticed an ogre
  3329 | D:3      | Killed an ogre
  3330 | D:3      | Reached skill level 5 in Axes
  3331 | D:3      | 3331 ||| READING scroll labelled RYLUUK TINYE.
  3332 | D:3      | 3332 ||| READING scroll labelled ZAQUMU XIODD.
  3333 | D:3      | 3333 ||| READING scroll labelled USTIUCARYSM.
  3334 | D:3      | 3334 ||| READING scroll labelled CUCASS WEV ITA.
  3395 | D:4      | 3395 ||| PLANNING SEWER
  3400 | D:4      | Reached XP level 6. HP: 37/37 MP: 6/6
  3403 | D:4      | Reached skill level 1 in Dodging
  3421 | D:4      | Found a glowing drain.
  3428 | D:4      | 3428 ||| Stepping ~*~*~tactically~*~*~ (water).
  3437 | Sewer    | Entered a sewer
  3458 | Sewer    | Noticed Pargi
  3459 | Sewer    | 3459 ||| Stepping ~*~*~tactically~*~*~ (water).
  3478 | Sewer    | Killed Pargi
  3621 | Sewer    | 3621 ||| READING scroll labelled NAEGGU VEAXZIP.
  3622 | Sewer    | 3622 ||| DRINKING 2 grey potions.
  3637 | D:4      | 3637 ||| PLANNING D:1-11
  3899 | D:4      | Identified the +1 leather armour "Gomeywal" {Fly}
  3974 | D:4      | Reached skill level 6 in Axes
  3974 | D:4      | Reached XP level 7. HP: 28/44 MP: 7/7
  4081 | D:4      | Noticed Duvessa
  4082 | D:4      | Noticed Dowan
  4092 | D:4      | Killed Duvessa
  4106 | D:4      | Killed Dowan
  4359 | D:4      | Noticed Pikel
  4373 | D:4      | HP: 10/44 [Pikel/+2 whip of freezing (7)]
  4378 | D:4      | Killed Pikel
  4379 | D:4      | Reached skill level 8 in Axes
  4379 | D:4      | Reached XP level 8. HP: 6/48 MP: 8/8
  4568 | D:4      | Noticed Menkaure
  4569 | D:4      | 4569 ||| Stepping ~*~*~tactically~*~*~ (hiding).
  4581 | D:4      | Killed Menkaure
  5052 | D:4      | 5052 ||| DROPPING scarf of harm.
  5053 | D:4      | 5053 ||| DROPPING +1 leather armour "Gomeywal" {Fly}.
  5054 | D:4      | 5054 ||| UPGRADING to +0 chain mail.
  5064 | D:4      | 5064 ||| DROPPING +0 scale mail.
  5065 | D:4      | 5065 ||| UPGRADING to ring of willpower.
  5066 | D:4      | 5066 ||| READING scroll labelled COPEUF UTEAMUKHIX.
  5142 | D:5      | Entered Level 5 of the Dungeon
  5153 | D:5      | Reached skill level 1 in Throwing
  5157 | D:5      | HP: 3/49 [gnoll/+0 halberd[a gnoll bouda] (12)]
  5159 | D:5      | Slain by a gnoll bouda

Levels and vault maps discovered:
D:1:      dpeg_arrival_arbitrary_a, layout_basic, serial_glass, glass_columns_a,
          glass_columns_a, glass_columns_a, glass_columns_b, glass_columns_b,
          glass_columns_a, glass_columns_a, glass_columns_a,
          minmay_strange_pillars, item_on_display_a, due_unseen_surprise
D:2:      minmay_evil_eye, layout_loops_corners, basic_altar,
          minmay_misc_feat_diagonals, serial_bayou_ford_a
D:3:      layout_basic, nemelex_altar_shiori, serial_rivers,
          chequers_serial_rivers_micro_b, chequers_serial_rivers_room_a,
          chequers_serial_rivers_large_b, chequers_serial_rivers_micro_c,
          kennysheep_generic_room_15
D:4:      layout_basic, portal_sewer_entry_b, uniq_pikel, uniq_menkaure,
          uniq_duvessa
D:5:      layout_cave_pools, serial_shops, shop, kennysheep_potato

Skill      XL: |  1  2  3  4  5  6  7  8 |
---------------+-------------------------+-----
Axes           | 2 3 4 5 6 8 |  8.3
Dodging        | 1 |  1.0
Fighting       | 4 5 |  5.2
Throwing       | 1 |  1.0
Armour         | |  3.2
Shields        | |  3.2

Action                     |  1- 3 |  4- 6 |  7- 9 || total
---------------------------+-------+-------+-------++-------
  Melee: War axe           |   140 |   176 |    61 ||   377
  Throw: Boomerang         |       |    42 |     6 ||    48
    Use: Scroll            |     1 |     5 |     1 ||     7
         Potion            |     1 |     2 |       ||     3
 Armour: Scale mail        |    86 |    89 |    13 ||   188
         Chain mail        |       |       |    10 ||    10
  Dodge: Dodged            |    65 |   103 |    29 ||   197
  Block: Buckler           |    26 |    33 |    10 ||    69

Table legend:
 A = Non-vault XP
 B = Vault XP
 C = Vault XP percentage of total XP
 D = Non-vault monster count
 E = Vault monster count
 F = Vault count percentage of total count
                 A         B        C        D         E       F
            +---------+---------+-------+---------+---------+-------
      Total |     441 |    1290 |  74.5 |      83 |      17 |  17.0
            +---------+---------+-------+---------+---------+-------
        D:1 |      39 |       0 |   0.0 |      24 |       0 |   0.0
        D:2 |      43 |      18 |  29.5 |      16 |       4 |  20.0
        D:3 |      81 |     116 |  58.9 |      22 |       1 |   4.3
        D:4 |     219 |    1020 |  82.3 |      16 |       7 |  30.4
        D:5 |      59 |       0 |   0.0 |       5 |       0 |   0.0
      Sewer |       0 |     136 | 100.0 |       0 |       5 | 100.0
            +---------+---------+-------+---------+---------+-------
